 Dungeon Crawl Stone Soup version 0.31-a0-38-g1548c4f2a5 (webtiles) character file.

Game seed: 6549579684258521685

183 frimble the Slasher (level 5, -1/43 HPs)
             Began as a Gnoll Reaver on May 16, 2023.
             Slain by an orc
             ... wielding a +0 flail
              (10 damage)
             ... on level 3 of the Dungeon.
             The game lasted 00:01:56 (1753 turns).

frimble the Slasher (Gnoll Reaver)                  Turns: 1753, Time: 00:01:57

Health: -1/43      AC:  3    Str: 11    XL:     5   Next: 62%
Magic:  12/12      EV: 12    Int: 14    God:
Gold:   101        SH:  0    Dex: 11    Spells: 13/14 levels left

rFire   . . .        k - +2 short sword (vamp)
rCold   . . .        (no shield)
rNeg    . . .        b - +0 leather armour
rPois   .            (no helmet)
rElec   .            (no cloak)
rCorr   .            (no gloves)
SInv    .            (no boots)
Will    .....        i - amulet of magic regeneration
Stlth   +            (no ring)
HPRegen 0.27/turn    (no ring)
MPRegen 0.53/turn

%: no passive effects
@: no status effects
A: fangs 1, strong nose, distributed training
a: no special abilities


You were on level 3 of the Dungeon.
You visited 1 branch of the dungeon, and saw 3 of its levels.

You collected 101 gold pieces.

Inventory:

Hand Weapons
 a - a +0 falchion
 k - a +2 vampiric short sword (weapon)
Missiles
 d - 3 poisoned darts
Armour
 b - a +0 leather armour (worn)
Jewellery
 f - a ring of fire
 i - an amulet of magic regeneration (around neck)
Scrolls
 g - 4 scrolls of magic mapping
 h - 2 scrolls of brand weapon
 j - a scroll of immolation {unknown}
Potions
 c - a potion of lignification {unknown}
 e - a potion of brilliance {unknown}
 l - a potion of magic {unknown}
 m - 3 potions of curing
 n - a potion of mutation {unknown}


   Skills:
 + Level 4.8 Fighting
 + Level 1.6 Short Blades
 + Level 6.7 Long Blades
 + Level 1.6 Axes
 + Level 1.6 Maces & Flails
 + Level 1.6 Polearms
 + Level 1.6 Staves
 + Level 1.6 Ranged Weapons
 + Level 1.6 Throwing
 + Level 1.6 Armour
 + Level 4.8 Dodging
 + Level 1.6 Stealth
 + Level 1.6 Shields
 + Level 1.6 Unarmed Combat
 + Level 5.2 Spellcasting
 + Level 5.6 Conjurations
 + Level 1.3 Hexes
 + Level 1.3 Summonings
 + Level 1.3 Necromancy
 + Level 1.3 Translocations
 + Level 1.3 Transmutations
 + Level 1.3 Fire Magic
 + Level 1.3 Ice Magic
 + Level 1.3 Air Magic
 + Level 1.3 Earth Magic
 + Level 1.3 Poison Magic
 + Level 1.8 Invocations
 + Level 1.6 Evocations


You had 13 spell levels left.
You knew the following spells:

 Your Spells              Type           Power      Damage    Failure   Level
a - Kiss of Death         Conj/Necr      52%        2d9       5%          1

Your spell library contained the following spells:

 Spells                   Type           Power      Damage    Failure   Level
 Momentum Strike          Conj/Tloc      26%        3d8       9%          2
 Hailstorm                Conj/Ice       13%        3d5       16%         3


Dungeon Overview and Level Annotations

Branches:
Dungeon (3/15)

Altars:

Shops:
D:1 [


Innate Abilities, Weirdness & Mutations

You have very sharp teeth.
Your uncanny sense of smell can sniff out nearby items.
Your experience applies equally to all skills.


Message History

Something tries to affect you, but you resist.
Things that are here:
a +0 dagger; a +0 ring mail; an orc corpse You miss something.
Something hits you.
You miss something. The orc completely misses you.
Something hits you but does no damage.
You miss something. The orc barely misses you. Something hits you.
Okay, then.
You hit the orc.
The orc is heavily wounded.
The orc misses you. Something hits you but does no damage.
You hit the orc but do no damage. You bite the orc, but do no damage.
The orc is heavily wounded.
The orc hits you but does no damage. Something barely misses you.
You hit the orc but do no damage. You punch the orc, but do no damage.
The orc is heavily wounded.
The orc hits you with a +0 flail. Something hits you.
* * * LOW HITPOINT WARNING * * *
You hit the orc.
The orc is severely wounded.
The orc closely misses you. Something hits you.
* * * LOW HITPOINT WARNING * * *
You hit the orc but do no damage.
The orc is severely wounded.
The orc hits you with a +0 flail.
* * * LOW HITPOINT WARNING * * *
Something hits you but does no damage.
You hit the orc but do no damage.
The orc is severely wounded.
You hit the orc but do no damage. Your bite misses the orc.
The orc is severely wounded.
The orc barely misses you. Something hits you.
* * * LOW HITPOINT WARNING * * *
It was a potion of curing.
You feel better. The orc barely misses you. Something hits you.
* * * LOW HITPOINT WARNING * * *
You hit the orc but do no damage. You bite the orc, but do no damage.
The orc is heavily wounded.
The orc hits you with a +0 flail!
You die...

............................
....#...................#.##
.#..#.....#..##### ##
+#..###.#.#..### ### ....#
#.#....... ...
....###.#.#..#####.###
................o....#
.....##.#......#o#.#.#
...#.##.#......#@#
...#.##.#......#{#
...#.##.#......#o#
........#......'........
...#.####......#...#.##.
...#.# #....###..... ......
>...... ................ .
##.......


You could see 3 orcs.

Vanquished Creatures
  An ogre (D:2)
  3 adders (D:2)
  A worm (D:3)
  3 dart slugs
  5 orcs (D:3)
  7 bats
  4 endoplasms
  A giant cockroach (D:1)
  6 hobgoblins
  5 kobolds
  A quokka (D:1)
  4 ball pythons
  2 frilled lizards
  10 goblins
  6 rats
59 creatures vanquished.

Notes
Turn   | Place    | Note
-------+----------+-------------------------------------------
     0 | D:1      | frimble the Gnoll Reaver began the quest for the Orb.
     0 | D:1      | Reached XP level 1. HP: 20/20 MP: 6/6
    79 | D:1      | Found Zadirara's Armour Shop.
   118 | D:1      | Reached XP level 2. HP: 26/26 MP: 7/7
   249 | D:1      | Reached skill level 5 in Spellcasting
   249 | D:1      | Reached XP level 3. HP: 19/31 MP: 7/9
   769 | D:2      | Reached skill level 1 in Invocations
   846 | D:2      | Reached skill level 1 in Short Blades
   846 | D:2      | Reached skill level 1 in Axes
   846 | D:2      | Reached skill level 1 in Maces & Flails
   846 | D:2      | Reached skill level 1 in Polearms
   846 | D:2      | Reached skill level 1 in Staves
   846 | D:2      | Reached skill level 1 in Ranged Weapons
   846 | D:2      | Reached skill level 1 in Throwing
   846 | D:2      | Reached skill level 1 in Armour
   846 | D:2      | Reached skill level 1 in Stealth
   846 | D:2      | Reached skill level 1 in Shields
   846 | D:2      | Reached skill level 1 in Unarmed Combat
   846 | D:2      | Reached skill level 1 in Evocations
   960 | D:2      | Reached XP level 4. HP: 33/38 MP: 11/11
  1163 | D:2      | Noticed an ogre
  1171 | D:2      | Reached skill level 1 in Hexes
  1171 | D:2      | Reached skill level 1 in Summonings
  1171 | D:2      | Reached skill level 1 in Necromancy
  1171 | D:2      | Reached skill level 1 in Translocations
  1171 | D:2      | Reached skill level 1 in Transmutations
  1171 | D:2      | Reached skill level 1 in Fire Magic
  1171 | D:2      | Reached skill level 1 in Ice Magic
  1171 | D:2      | Reached skill level 1 in Air Magic
  1171 | D:2      | Reached skill level 1 in Earth Magic
  1171 | D:2      | Reached skill level 1 in Poison Magic
  1176 | D:2      | Killed an ogre
  1177 | D:2      | Reached XP level 5. HP: 5/42 MP: 10/12
  1753 | D:3      | Slain by an orc

Illustrated notes

Levels and vault maps discovered:
D:1:      matt_arrival_grand_opening, layout_basic, serial_shops, shop,
          minmay_3d_cube
D:2:      layout_rooms
D:3:      layout_basic, basic_ecumenical_altar

Skill      XL: |  1  2  3  4 |
---------------+-------------+-----
Spellcasting   | 5 |  5.2
Invocations    | 1 |  1.8
Short Blades   | 1 |  1.6
Axes           | 1 |  1.6
Maces & Flails | 1 |  1.6
Polearms       | 1 |  1.6
Staves         | 1 |  1.6
Ranged Weapons | 1 |  1.6
Throwing       | 1 |  1.6
Armour         | 1 |  1.6
Stealth        | 1 |  1.6
Shields        | 1 |  1.6
Unarmed Combat | 1 |  1.6
Evocations     | 1 |  1.6
Hexes          | 1 |  1.3
Summonings     | 1 |  1.3
Necromancy     | 1 |  1.3
Translocations | 1 |  1.3
Transmutations | 1 |  1.3
Fire Magic     | 1 |  1.3
Ice Magic      | 1 |  1.3
Air Magic      | 1 |  1.3
Earth Magic    | 1 |  1.3
Poison Magic   | 1 |  1.3
Fighting       | |  4.8
Long Blades    | |  6.7
Dodging        | |  4.8
Conjurations   | |  5.6

Action                     |  1- 3 |  4- 6 || total
---------------------------+-------+-------++-------
  Melee: Falchion          |   126 |    39 ||   165
         Bite              |     8 |    13 ||    21
         Short sword       |       |    64 ||    64
         Punch             |       |     3 ||     3
   Cast: Kiss of Death     |       |     2 ||     2
    Use: Scroll            |     4 |       ||     4
         Potion            |       |     1 ||     1
   Stab: Sleeping          |       |     1 ||     1
 Armour: Leather armour    |    51 |    22 ||    73
  Dodge: Dodged            |   115 |    44 ||   159

Table legend: (Time is in decaauts)
 A = Elapsed time spent in this place.
 B = Non-inter-level travel time spent in this place.
 C = Inter-level travel time spent in this place.
 D = Time resting spent in this place.
 E = Time spent auto-exploring this place.
 F = Levels seen in this place.
 G = Mean time per level.
                   A        B        C        D        E       F      G
               +--------+--------+--------+--------+--------+-----+--------+
         Total |   1744 |   1697 |     47 |      0 |   1277 |   3 |  581.3 |
       Dungeon |   1744 |   1697 |     47 |      0 |   1277 |   3 |  581.3 |
               +--------+--------+--------+--------+--------+-----+--------+

Top non-repeatable levels by time:
     D:1: 877 daAuts
     D:2: 579 daAuts
     D:3: 287 daAuts
